 Dungeon Sprint DCSS version 0.25.1-2-g60ff931df9 (webtiles) character file.

Game seed: 14131955385300946471

203459 howech the Invulnerable (level 19, -1/176 HPs)
             Began as a Gnoll Fighter on Sept 30, 2020.
             Was the Champion of Okawaru.
             Engulfed by a cloud of foul pestilence (12 damage)
             ... in the Dungeon (Sprint V: "Ziggurat Sprint").
             The game lasted 00:53:42 (3148 turns).

howech the Invulnerable (Gnoll Fighter)             Turns: 3148, Time: 00:53:43

Health: -1/176     AC: 41    Str: 30    XL:     19   Next: 5%
Magic:  25/44      EV: 27    Int: 18    God:    Okawaru [******]
Gold:   570        SH: 43    Dex: 22    Spells: 28/61 levels left

rFire    . . .     SeeInvis .   t - +7 Screaming Sword {vorpal, sonic wave}
rCold    . . .     Gourm    .   s - +18 shield of the Gong {rElec rN+ MR+ EV-5}
rNeg     + . .     Faith    .   m - +9 shadow dragon scales
rPois    .         Spirit   .   w - +2 helmet "Hex Taun" {Int+3}
rElec    +         Reflect  +   K - scarf {+Inv}
rCorr    .         Harm     .   c - +0 pair of gloves {Dex+3}
MR       ++...     NoTele   +   p - +2 pair of boots {Fly}
Stlth    ++++++++++             B - amulet "Kabbo" {Reflect rElec Str+4 Int+2 SH+5}
HPRegen  0.00/turn              T - +6 ring of strength
MPRegen  0.29/turn              x - +4 ring of slaying

@: lethally poisoned (-1 -> -29), heroism, finesse, flying, very slightly
contaminated, slowed, studying 2 skills, very slow
A: distributed training, fangs 1, inhibited regeneration, strong nose
a: Heroism, Finesse, Renounce Religion, Evoke Invisibility, Stop Flying


You were in the Dungeon.
You worshipped Okawaru.
Okawaru was exalted by your worship.
You were not hungry.

You visited 1 branch You collected 570 gold pieces.

Inventory:

Hand Weapons
 a - the +8 demon blade "Leech" {vamp, *Rage +Rage rN+}
   (You took it off a wight in the Dungeon)

   It inflicts no extra harm, but heals its wielder when it wounds a living foe.
   It protects you from negative energy.
   It lets you go berserk.
   It may make you go berserk in combat.
 o - a +5 vorpal demon blade
 t - the +7 Screaming Sword (weapon) {vorpal, sonic wave}
   (You found it in the Dungeon)

   It inflicts extra damage upon your enemies.
 u - the +8 lance "Wyrmbane" {slay drac, rPois rF+ rC+ AC+3}
   (You found it in the Dungeon)

   It affects your AC (+3).
   It protects you from fire.
   It protects you from cold.
   It protects you from poison.
 v - the +11 plutonium sword {*Contam Stlth-}
   (You found it in the Dungeon)

   It causes magical contamination when unequipped.
   It makes you less stealthy.
 Y - the +8 war axe "Ruklid" {vorpal, rF+ Str+4 Int+2}
   (You took it off a vault guard in the Dungeon)

   It inflicts extra damage upon your enemies.
   It affects your strength (+4).
   It affects your intelligence (+2).
   It protects you from fire.
Armour
 c - a +0 pair of gloves of dexterity (worn)
 m - +9 shadow dragon scales (worn)
 p - a +2 pair of boots of flying (worn)
 r - the +15 Maxwell's patent armour {-Cast -Tele rElec MR+ rCorr}
   (You found it in the Dungeon)

   It insulates you from electricity.
   It affects your resistance to hostile enchantments.
   It prevents spellcasting.
   It prevents most forms of teleportation.
   It provides partial protection from all sources of acid and corrosion.
 s - the +18 shield of the Gong (worn) {rElec rN+ MR+ EV-5}
   (You found it in the Dungeon)

   It affects your evasion (-5).
   It insulates you from electricity.
   It protects you from negative energy.
   It affects your resistance to hostile enchantments.
 w - the +2 helmet "Hex Taun" (worn) {Int+3}
   (Okawaru gifted it to you in the Dungeon)

   It affects your intelligence (+3).
 I - the +6 tower shield "Anties" {+Blink rPois rC-}
   (You found it in the Dungeon)

   It makes you vulnerable to cold.
   It protects you from poison.
   It lets you blink.
 K - a scarf of invisibility (worn)
 S - the +10 plate armour of Fijifrith {+Blink MR- Str+4 Dex+4}
   (You found it in the Dungeon)

   It affects your strength (+4).
   It affects your dexterity (+4).
   It affects your resistance to hostile enchantments.
   It lets you blink.
Jewellery
 b - an uncursed ring of protection from fire
 x - a +4 ring of slaying (right hand)
 B - the amulet "Kabbo" (around neck) {Reflect rElec Str+4 Int+2 SH+5}
   (You took it off a necromancer in the Dungeon)

   [amulet of reflection]

   It shields you and reflects attacks.
   It affects your strength (+4).
   It affects your intelligence (+2).
   It insulates you from electricity.
   It affects your SH (+5).
 N - the cursed necklace of Bloodlust {*Rage +Rage MR++ Int-3 Slay+6 *Curse}
   (You found it in the Dungeon)

   [amulet of nothing]

   It affects your intelligence (-3).
   It affects your accuracy and damage with ranged weapons and melee attacks
   (+6).
   It affects your resistance to hostile enchantments.
   It lets you go berserk.
   It may make you go berserk in combat.
   It curses itself when equipped.
   It has a curse placed upon it.
 O - an uncursed amulet of regeneration
 P - the ring of Uges Ukh {+Inv +Fly rPois Int+4 Dex-3}
   (You found it in the Dungeon)

   [ring of flight]

   It affects your intelligence (+4).
   It affects your dexterity (-3).
   It protects you from poison.
   It lets you turn invisible.
   It lets you fly.
 Q - the ring "Zinwoaxt" {rF+ EV+4 Str+4}
   (You found it in the Dungeon)

   [ring of evasion]

   It affects your evasion (+4).
   It affects your strength (+4).
   It protects you from fire.
 R - a +6 ring of strength
 T - a +6 ring of strength (left hand)
 V - an uncursed ring of resist corrosion
 X - a +4 ring of protection
 Z - an uncursed ring of protection from fire
Wands
 L - a wand of iceblast (4)
 M - a wand of acid (7)
Scrolls
 k - 4 scrolls of blinking
 A - 7 scrolls of fog
 C - 5 scrolls of identify
 D - 5 scrolls of remove curse
 E - 2 scrolls of fear
Potions
 d - 7 potions of might
 e - 9 potions of curing
 g - 7 potions of heal wounds
 h - 10 potions of haste
 i - 7 potions of magic
 j - 3 potions of berserk rage
 F - 2 potions of brilliance
 G - 2 potions of invisibility
 H - 2 potions of resistance
 J - 6 potions of stabbing
Books
 q - a manual of Short Blades
 y - a manual of
Armour
 z - a manual of Stealth
Miscellaneous
 U - a lightning rod (4/4)
Comestibles
 f - 6 rations


   Skills:
 + Level 22.4(27) Fighting
 + Level 25.7(27) Short Blades
 + Level 26.3(27) Long Blades
 + Level 21.8(26.8) Axes
 + Level 21.8(26.8) Maces & Flails
 + Level 21.8(26.8) Polearms
 + Level 21.8(26.8) Staves
 + Level 21.8(26.8) Slings
 + Level 21.8(26.8) Bows
 + Level 21.8(26.8) Crossbows
 + Level 21.8(26.8) Throwing
 O Level 27 Armour
 + Level 21.8(26.8) Dodging
 + Level 25.7(27) Stealth
 + Level 26.1(27) Shields
 + Level 21.8(26.8) Unarmed Combat
 + Level 21.8 Spellcasting
 + Level 18.9 Conjurations
 + Level 18.9 Hexes
 + Level 18.9 Charms
 + Level 18.9 Summonings
 + Level 18.9 Necromancy
 + Level 18.9 Translocations
 + Level 18.9 Transmutations
 + Level 18.9 Fire Magic
 + Level 18.9 Ice Magic
 + Level 18.9 Air Magic
 + Level 18.9 Earth Magic
 + Level 18.9 Poison Magic
 + Level 23.3 Invocations
 + Level 21.8 Evocations


You had 28 spell levels left.
You knew the following spells:

 Your Spells              Type           Power        Failure   Level  Hunger
a - Iron Shot             Conj/Erth      ######....   1%          6    ####...
b - Yara's Violent Unrav  Hex/Tmut       ######....   1%          5    #......
c - Shatter               Erth           ######....   89%         9    #######
d - Ignition              Fire           ######....   13%         8    #######
e - Lee's Rapid Deconstr  Erth           ######....   1%          5    #......

Your spell library contained the following spells:

 Spells                   Type           Power        Failure   Level  Hunger
 Animate Skeleton         Necr           N/A          0%          1    None
 Apportation              Tloc           ######       0%          1    None
 Beastly Appendage        Tmut           ######       0%          1    None
 Foxfire                  Conj/Fire      ####         0%          1    None
 Freeze                   Ice            ####         0%          1    None
 Pain                     Necr           ####         0%          1    None
 Sandblast                Erth           ######       0%          1    None
 Shock                    Conj/Air       ####         0%          1    None
 Sting                    Tmut/Pois      ####         0%          1    None
 Summon Butterflies       Summ           ######..     0%          1    None
 Summon Small Mammal      Summ           ####         0%          1    None
 Call Imp                 Summ           ######..     0%          2    None
 Corpse Rot               Necr/Air       N/A          0%          2    None
 Ensorcelled Hibernation  Hex/Ice        ######       0%          2    None
 Passwall                 Tmut/Erth      ######..     0%          2    None
 Poisonous Vapours        Pois/Air       ######       0%          2    None
 Shroud of Golubria       Chrm/Tloc      ######       0%          2    None
 Slow                     Hex            ######..     0%          2    None
 Song of Slaying          Chrm           ######..     0%          2    None
 Sticks to Snakes         Tmut           ######..     0%          2    None
 Sublimation of Blood     Necr           ######....   0%          2    None
 Swiftness                Chrm/Air       ######..     0%          2    None
 Call Canine Familiar     Summ           ######..     0%          3    None
 Conjure Flame            Conj/Fire      ######..     0%          3    None
 Dazzling Flash           Conj/Hex       ######       0%          3    None
 Frozen Ramparts          Ice            ######       0%          3    None
 Gell's Gravitas          Tloc           ######....   0%          3    None
 Ignite Poison            Fire/Tmut/Pois ######..     0%          3    None
 Inner Flame              Hex/Fire       ######..     0%          3    None
 Mephitic Cloud           Conj/Pois/Air  ######..     0%          3    None
 Ozocubu's Armour         Chrm/Ice       ######..     0%          3    None
 Portal Projectile        Hex/Tloc       ######       0%          3    None
 Recall                   Summ/Tloc      N/A          0%          3    None
 Spectral Weapon          Hex/Chrm       ######..     0%          3    None
 Spider Form              Tmut/Pois      ######....   0%          3    None
 Stone Arrow              Conj/Erth      ######       0%          3    None
 Summon Guardian Golem    Hex/Summ       ######..     0%          3    None
 Vampiric Draining        Necr           ######....   0%          3    None
 Animate Dead             Necr           N/A          1%          4    None
 Cause Fear               Hex            ######....   1%          4    None
 Dispel Undead            Necr           ######..     1%          4    None
 Fulminant Prism          Conj/Hex       ######....   1%          4    None
 Hailstorm                Conj/Ice       ######..     1%          4    None
 Ice Form                 Ice/Tmut       ######..     1%          4    None
 Leda's Liquefaction      Hex/Erth       ######....   1%          4    None
 Olgreb's Toxic Radiance  Pois           ######..     1%          4    None
 Petrify                  Tmut/Erth      ######..     1%          4    None
 Sticky Flame             Conj/Fire      ######..     1%          4    None
 Summon Ice Beast         Ice/Summ       ######..     1%          4    None
 Summon Lightning Spire   Summ/Air       ######..     1%          4    None
 Agony                    Necr           ######..     1%          5    #......
 Alistair's Intoxication  Tmut/Pois      ######..     1%          5    #......
 Aura of Abjuration       Summ           ######....   1%          5    #......
 Blade Hands              Tmut           ######....   1%          5    #......
 Bolt of Magma            Conj/Fire/Erth ######....   1%          5    #......
 Borgnjor's Vile Clutch   Necr/Erth      ######....   1%          5    #......
 Excruciating Wounds      Chrm/Necr      ######....   1%          5    #......
 Fireball                 Conj/Fire      ######....   1%          5    #......
 Irradiate                Conj/Tmut      ######....   1%          5    #......
 Iskenderun's Battlesphe  Conj/Chrm      ######..     1%          5    #......
 Metabolic Englaciation   Hex/Ice        ######....   1%          5    #......
 Silence                  Hex/Air        ######....   1%          5    #......
 Summon Demon             Summ           ######....   1%          5    #......
 Summon Mana Viper        Hex/Summ       ######..     1%          5    #......
 Conjure Ball Lightning   Conj/Air       ######....   1%          6    ####...
 Death Channel            Necr           ######....   1%          6    ####...
 Dispersal                Tloc           ######....   1%          6    ####...
 Eringya's Noxious Bog    Tmut/Pois      ######....   1%          6    ####...
 Freezing Cloud           Conj/Ice/Air   ######....   1%          6    ####...
 Hydra Form               Tmut           ######....   1%          6    ####...
 Ozocubu's Refrigeration  Ice            ######....   1%          6    ####...
 Simulacrum               Ice/Necr       ######....   1%          6    ####...
 Starburst                Conj/Fire      ######....   1%          6    ####...
 Statue Form              Tmut/Erth      ######...    1%          6    ####...
 Dragon Form              Tmut           ######....   1%          7    ######.
 Haunt                    Necr/Summ      ######....   1%          7    ######.
 Orb of Destruction       Conj           ######....   1%          7    ######.
 Spellforged Servitor     Conj/Summ      ######....   1%          7    ######.
 Summon Hydra             Summ           ######....   1%          7    ######.
 Borgnjor's Revivificati  Necr           ######....   13%         8    #######
 Chain Lightning          Conj/Air       ######....   13%         8    #######
 Controlled Blink         Tloc           N/A          13%         8    #######
 Death's Door             Chrm/Necr      ######....   13%         8    #######
 Discord                  Hex            ######....   13%         8    #######
 Disjunction              Tloc           ######....   13%         8    #######
 Infestation              Necr           ######....   13%         8    #######
 Lehudib's Crystal Spear  Conj/Erth      ######....   13%         8    #######
 Necromutation            Tmut/Necr      ######....   13%         8    #######
 Absolute Zero            Ice            ######....   89%         9    #######
 Dragon's Call            Summ           ######....   89%         9    #######
 Fire Storm               Conj/Fire      ######....   89%         9    #######
 Tornado                  Air            ######....   89%         9    #######


Dungeon Overview and Level Annotations

Branches:
Dungeon (1/1)

Altars:
Ashenzari
Cheibriados
Dithmenos
Elyvilon
Fedhas
Gozag
Hepliaklqana
Kikubaaqudgha
Makhleb
Nemelex Xobeh
Okawaru
Qazlal
Ru
Sif Muna
Trog
Uskayaw
Vehumet
Wu Jian
Xom
Yredelemnul
Zin
The Shining One
Beogh
Jiyva
Lugonu


Innate Abilities, Weirdness & Mutations

Your experience applies equally to all skills.
You have very sharp teeth.
Your uncanny sense of smell can sniff out nearby items.
You do not regenerate when monsters are visible.


Message History

Pain shoots through your body!
* * * LOW HITPOINT WARNING * * *
You feel extremely nervous for a moment...
Your body is wracked with pain!
* * * LOW HITPOINT WARNING * * *
You feel extremely nervous for a moment...
Your bones ache.
You are engulfed in dark miasma.
You are more poisoned.
You feel as though you will be slow longer.
* * * LOW HITPOINT WARNING * * *
x2 You feel extremely sick.
You block the death scarab's attack.
PTOANNNG!
The greater mummy calls on the powers of darkness!
Your body is wracked with pain!
* * * LOW HITPOINT WARNING * * *
You feel better.
You are engulfed in dark miasma.
You are lethally poisoned!
You feel as though you will be slow longer.
You die...

......▓ ∆∆∆∆∆
))=)).▓
M:}:})||[:)}W)§M∆
∆∆∆∆∆ =.[=:.▓
∆})""[[|M}):}§||Z
∆∆∆∆∆ ))))[.▓
∆)|[)|Ws[)"°||)§∆
).....▓
....§)☼:○}°.|.§
).....▓
...M§§○M°°.....
)..)..▓
s...§.°.○......
......▓
....§.§........
......▓
......s@§......
......▓
.......°.......
......▓
........○......
......▓
...............
......▓
...............
......▓
...............
......
..▓.........▓..
.▓..
.▓▓▓.......▓▓▓.
....
..▓.........▓..


You could see 4 greater mummies, an emperor scorpion (summoned), a phantasmal
warrior (summoned), a wraith (summoned) and 2 death scarabs.

Vanquished Creatures
  2 juggernauts (shapeshifter) (D)
  2 shard shrikes (shapeshifter) (D)
  2 bone dragons (D)
  A lich (D)
  An Ice Fiend (D)
  2 quicksilver dragons (shapeshifter) (D)
  A titan (shapeshifter) (D)
  An acid blob (D)
  A sphinx (shapeshifter) (D)
  3 deep elf master archers (D)
  2 tentacled starspawn (D)
  An acid blob (shapeshifter) (D)
  2 azure jellies (D)
  2 fire giants (D)
  4 draconian monks (D)
  A draconian knight (D)
  A ghost moth (shapeshifter) (D)
  3 draconian shifters (D)
  4 draconian scorchers (D)
  5 draconian stormcallers (D)
  3 ghouls (D)
  7 draconian annihilators (D)
  3 reapers (D)
  10 stone giants (D)
  9 black draconians (D)
  6 vampire knights (D)
  6 green draconians (D)
  7 purple draconians (D)
  8 red draconians (D)
  A spark wasp (D)
  7 white draconians (D)
  5 yellow draconians (D)
  3 merfolk javelineers (D)
  6 mummy priests (D)
  A fire dragon (D)
  2 death oozes (D)
  6 yaktaur captains (D)
  A great orb of eyes (D)
  2 ice dragons (D)
  A hydra (D)
  6 vault guards (D)
  2 naga warriors (D)
  An anaconda (D)
  A two-headed ogre (shapeshifter) (D)
  5 centaur warriors (D)
  4 vampire magi (D)
  3 death scarabs (D)
  2 two-headed ogres (D)
  A death yak (shapeshifter) (D)
  2 wretched stars (D)
  An iron troll (shapeshifter) (D)
  10 skeletal warriors (D)
  A sea snake (shapeshifter) (D)
  3 death drakes (D)
  2 death drakes (shapeshifter) (D)
  A glowing orange brain (shapeshifter) (D)
  A deep elf archer (D)
  2 large abominations (D)
  4 swamp dragons (D)
  8 necromancers (D)
  2 orb spiders (D)
  3 wolf spiders (D)
  4 cyclopes (D)
  3 draconians (D)
  2 shining eyes (D)
  2 fauns (shapeshifter) (D)
  A cyclops (shapeshifter) (D)
  A moth of wrath (shapeshifter) (D)
  A manticore (shapeshifter) (D)
  A shining eye (shapeshifter) (D)
  4 black mambas (D)
  3 guardian serpents (D)
  6 naga magi (D)
  A guardian serpent (shapeshifter) (D)
  An eye of devastation (D)
  2 torpor snails (D)
  2 smoke demons (D)
  2 water nymphs (shapeshifter) (D)
  A komodo dragon (D)
  A komodo dragon (shapeshifter) (D)
  2 yaktaurs (D)
  2 rime drakes (D)
  4 guardian mummies (D)
  An efreet (D)
  3 ice devils (D)
  6 freezing wraiths (D)
  2 jumping spiders (D)
  A troll (D)
  2 ancient zymes (D)
  A troll (shapeshifter) (D)
  A tyrant leech (shapeshifter) (D)
  A wind drake (shapeshifter) (D)
  A hornet (D)
  3 raiju (D)
  4 slime creatures (D)
  A hippogriff (D)
  2 slime creatures (shapeshifter) (D)
  A blink frog (shapeshifter) (D)
  A hippogriff (shapeshifter) (D)
  8 flying skulls (D)
  A snapping turtle (shapeshifter) (D)
  A redback (D)
  7 shadows (D)
  2 spriggans (D)
  A vampire (D)
  A water elemental (D)
  7 ushabtiu (D)
  A ynoxinul (D)
  2 starcursed masses (D)
  A basilisk (D)
  2 yaks (D)
  3 steam dragons (D)
  2 chaos spawn (D)
  3 neqoxecs (D)
  6 small abominations (D)
  A swamp worm (shapeshifter) (D)
  2 nagas (D)
  A hell hound (D)
  An acid dragon (D)
  A floating eye (D)
  2 floating eyes (shapeshifter) (D)
  4 water moccasins (D)
  A porcupine (D)
  2 black bears (D)
  An ice beast (D)
  4 swamp drakes (D)
  3 necrophages (D)
  A phantom (D)
  An eye of draining (D)
  2 wolves (D)
  3 centaurs (D)
  3 crocodiles (D)
  8 wights (D)
  2 jellies (D)
  14 mummies (D)
  5 adders (D)
  5 white imps (D)
  An ufetubus (D)
  3 oozes (D)
  8 adder zombies (D)
  4 adder skeletons (D)
  A leopard gecko (shapeshifter) (D)
  4 bat skeletons (D)
  10 bat zombies (D)
  7 ball pythons (D)
  A ball python skeleton (D)
  A giant cockroach simulacrum (D)
  5 giant cockroach zombies (D)
  A jackal simulacrum (D)
  4 jackal skeletons (D)
  3 leopard gecko skeletons (D)
  3 leopard gecko zombies (D)
  3 starspawn tentacles (D)
451 creatures vanquished.

Vanquished Creatures (collateral kills)
  A fire giant (D)
  2 trolls (D)
  An ogre (D)
4 creatures vanquished.

Vanquished Creatures (others)
  A centaur warrior (D)
  A guardian mummy (D)
  A jumping spider (D)
  3 mummies (D)
  A starspawn tentacle (D)
7 creatures vanquished.

Grand Total: 462 creatures vanquished

Notes
Turn   | Place    | Note
-------+----------+-------------------------------------------
     0 | D        | howech the Gnoll Fighter began the quest for the Orb.
     0 | D        | Reached XP level 1. HP: 23/23 MP: 1/1
     3 | D        | Found a blossoming altar of Fedhas.
     4 | D        | Found the +6 Majin-Bo {vamp, Archmagi MP+6 Int+6}
     4 | D        | Found the +7 great mace "Firestarter" {inner flame, rF++}
     4 | D        | Found a viscous altar of Jiyva.
     4 | D        | Found a hazy altar of Hepliaklqana.
     4 | D        | Found a transporter.
     4 | D        | Found an opulent altar of Gozag.
     4 | D        | Found an ancient bone altar of Kikubaaqudgha.
     4 | D        | Found a corrupted altar of Lugonu.
    13 | D        | Found a burning altar of Makhleb.
    14 | D        | Found an iron altar of Okawaru.
    14 | D        | Found a sparkling altar of Nemelex Xobeh.
    14 | D        | Found a stormy altar of Qazlal.
    14 | D        | Found a sacrificial altar of Ru.
    14 | D        | Found a shimmering blue altar of Sif Muna.
    18 | D        | Found the +9 heavy crossbow "Sniper" {vorpal, Acc+∞ SInv}
    18 | D        | Found the +10 dark maul {vorpal}
    18 | D        | Found the +15 Maxwell's patent armour {-Cast -Tele rElec
                  | MR+ rCorr}
    18 | D        | Found the +18 shield of the Gong {rElec rN+ MR+ EV-5}
    18 | D        | Found the cursed +14 obsidian axe {vorpal, +Fly SInv
                  | *Curse}
    20 | D        | Found the +6 shillelagh "Devastator" {shatter}
    20 | D        | Found the +11 plutonium sword {*Contam Stlth-}
    20 | D        | Found the +8 lance "Wyrmbane" {slay drac, rPois rF+ rC+
                  | AC+3}
    20 | D        | Found the +9 sword of Zonguldrok {reap}
    20 | D        | Found the cursed +13 scythe of Curses {drain, *Curse}
    20 | D        | Found the +0 sword of Power
    20 | D        | Found the +7 mace of Variability {chain chaos}
    20 | D        | Found the +7 Singing Sword {vorpal, sonic wave}
    20 | D        | Found the +8 storm bow {elec, penet}
    23 | D        | Found a bloodstained altar of Trog.
    66 | D        | Became a worshipper of Warmaster Okawaru
    77 | D        | Reached skill level 5 in Long Blades
    77 | D        | Reached skill level 7 in Armour
    77 | D        | Reached skill level 1 in Conjurations
    77 | D        | Reached skill level 1 in Hexes
    77 | D        | Reached skill level 1 in Charms
    77 | D        | Reached skill level 1 in Summonings
    77 | D        | Reached skill level 1 in Necromancy
    77 | D        | Reached skill level 1 in Translocations
    77 | D        | Reached skill level 1 in Transmutations
    77 | D        | Reached skill level 1 in Fire Magic
    77 | D        | Reached skill level 1 in Ice Magic
    77 | D        | Reached skill level 1 in Air Magic
    77 | D        | Reached skill level 1 in Earth Magic
    77 | D        | Reached skill level 1 in Poison Magic
    77 | D        | Reached XP level 2. HP: 31/31 MP: 1/5
    99 | D        | Entered arena 2.
    99 | D        | Noticed a water elemental
    99 | D        | Noticed a deep elf archer
    99 | D        | Found a transporter.
   101 | D        | Killed a water elemental
   101 | D        | Reached * piety under Okawaru
   101 | D        | Reached XP level 3. HP: 37/37 MP: 4/8
   101 | D        | Reached XP level 4. HP: 44/44 MP: 4/9
   101 | D        | Reached XP level 5. HP: 49/49 MP: 4/10
   109 | D        | Killed a deep elf archer
   109 | D        | Reached ** piety under Okawaru
   109 | D        | Reached skill level 5 in Short Blades
   109 | D        | Reached skill level 5 in Axes
   109 | D        | Reached skill level 5 in Maces & Flails
   109 | D        | Reached skill level 5 in Polearms
   109 | D        | Reached skill level 5 in Staves
   109 | D        | Reached skill level 5 in Slings
   109 | D        | Reached skill level 5 in Bows
   109 | D        | Reached skill level 5 in Crossbows
   109 | D        | Reached skill level 5 in Throwing
   109 | D        | Reached skill level 8 in Armour
   109 | D        | Reached skill level 5 in Dodging
   109 | D        | Reached skill level 5 in Stealth
   109 | D        | Reached skill level 5 in Unarmed Combat
   109 | D        | Reached skill level 5 in Spellcasting
   109 | D        | Reached skill level 5 in Evocations
   109 | D        | Reached XP level 6. HP: 50/57 MP: 5/14
   109 | D        | Reached XP level 7. HP: 55/63 MP: 5/15
   145 | D        | Entered arena 3.
   145 | D        | Found a transporter.
   174 | D        | Entered arena 4.
   174 | D        | Noticed a draconian
   174 | D        | Noticed a draconian
   174 | D        | Noticed a black draconian
   174 | D        | Noticed a draconian
   174 | D        | Found a transporter.
   184 | D        | Killed a draconian
   184 | D        | Reached *** piety under Okawaru
   184 | D        | Reached skill level 9 in Armour
   184 | D        | Reached skill level 5 in Conjurations
   184 | D        | Reached skill level 5 in Hexes
   184 | D        | Reached skill level 5 in Charms
   184 | D        | Reached skill level 5 in Summonings
   184 | D        | Reached skill level 5 in Necromancy
   184 | D        | Reached skill level 5 in Translocations
   184 | D        | Reached skill level 5 in Transmutations
   184 | D        | Reached skill level 5 in Fire Magic
   184 | D        | Reached skill level 5 in Ice Magic
   184 | D        | Reached skill level 5 in Air Magic
   184 | D        | Reached skill level 5 in Earth Magic
   184 | D        | Reached skill level 5 in Poison Magic
   184 | D        | Reached XP level 8. HP: 7/71 MP: 15/17
   184 | D        | Killed a black draconian
   184 | D        | Received a gift from Okawaru
   184 | D        | Reached **** piety under Okawaru
   184 | D        | Received a gift from Okawaru
   184 | D        | Reached XP level 9. HP: 8/78 MP: 15/20
   187 | D        | Killed a draconian
   187 | D        | Received a gift from Okawaru
   187 | D        | Reached skill level 10 in Fighting
   187 | D        | Reached skill level 10 in Armour
   187 | D        | Reached skill level 10 in Shields
   187 | D        | Killed a draconian
   187 | D        | Reached ***** piety under Okawaru
   198 | D        | Got the +6 tower shield "Anties" {+Blink rPois rC-}
   492 | D        | Entered arena 5.
   492 | D        | Found a transporter.
   503 | D        | Got the ring of Kulil {+Fly Str+3}
   515 | D        | Entered arena 6.
   515 | D        | Found a transporter.
   549 | D        | Entered arena 7.
   550 | D        | Found a transporter.
   558 | D        | Received a gift from Okawaru
   595 | D        | Entered arena 8.
   596 | D        | Found a transporter.
   604 | D        | Reached XP level 10. HP: 73/86 MP: 22/22
   654 | D        | Entered arena 9.
   655 | D        | Found a transporter.
   659 | D        | Paralysed by a floating eye for 4 turns
   699 | D        | Entered arena 10.
   699 | D        | Noticed a black mamba
   700 | D        | Found a transporter.
   718 | D        | Killed a black mamba
   718 | D        | Reached skill level 10 in Long Blades
   719 | D        | Reached skill level 11 in Armour
   764 | D        | Entered arena 11.
   765 | D        | Found a transporter.
   773 | D        | Reached skill level 10 in Invocations
   775 | D        | Received a gift from Okawaru
   807 | D        | Got the Reference Book on Feathers
   809 | D        | Got Aqalixi's Handbook of the Ashen Traveller
   837 | D        | Entered arena 12.
   837 | D        | Noticed a vampire knight
   837 | D        | Noticed a vampire mage
   837 | D        | Noticed a vampire knight
   837 | D        | Noticed a skeletal warrior
   837 | D        | Noticed a skeletal warrior
   838 | D        | Noticed a vampire knight
   839 | D        | Identified the +2 robe "Xal Yfim" {-Tele rC+ Regen+ Int+5}
   842 | D        | Killed a vampire knight
   842 | D        | Reached XP level 11. HP: 50/93 MP: 24/24
   842 | D        | Killed a vampire knight
   845 | D        | Killed a skeletal warrior
   845 | D        | Reached skill level 10 in Short Blades
   845 | D        | Reached skill level 10 in Axes
   845 | D        | Reached skill level 10 in Maces & Flails
   845 | D        | Reached skill level 10 in Polearms
   845 | D        | Reached skill level 10 in Staves
   845 | D        | Reached skill level 10 in Slings
   845 | D        | Reached skill level 10 in Bows
   845 | D        | Reached skill level 10 in Crossbows
   845 | D        | Reached skill level 10 in Throwing
   845 | D        | Reached skill level 10 in Dodging
   845 | D        | Reached skill level 10 in Stealth
   845 | D        | Reached skill level 10 in Unarmed Combat
   845 | D        | Reached skill level 10 in Spellcasting
   845 | D        | Reached skill level 10 in Evocations
   846 | D        | Killed a skeletal warrior
   846 | D        | Killed a vampire mage
   854 | D        | Killed a vampire knight
   854 | D        | Reached skill level 12 in Armour
   859 | D        | Found a transporter.
  1023 | D        | Got the Catalogue of Ashen Companions
  1030 | D        | Got Sif Muna's Handbook of Combat Magic and Transmutation
  1034 | D        | Got the Guide on Helpful Execration
  1061 | D        | Entered arena 13.
  1061 | D        | Noticed a fire giant
  1061 | D        | Noticed a two-headed ogre
  1061 | D        | Noticed a fire giant
  1061 | D        | Noticed a fire giant
  1061 | D        | Noticed a stone giant
  1061 | D        | Noticed a two-headed ogre
  1062 | D        | Noticed a cyclops
  1071 | D        | Found a transporter.
  1082 | D        | Killed a fire giant
  1082 | D        | Received a gift from Okawaru
  1087 | D        | Killed a fire giant
  1087 | D        | Reached XP level 12. HP: 97/103 MP: 26/26
  1088 | D        | Killed a two-headed ogre
  1088 | D        | Received a gift from Okawaru
  1088 | D        | Killed a two-headed ogre
  1092 | D        | Killed a stone giant
  1095 | D        | Killed a fire giant
  1095 | D        | Reached ****** piety under Okawaru
  1095 | D        | Received a gift from Okawaru
  1122 | D        | Got the +10 plate armour of Fijifrith {+Blink MR- Str+4
                  | Dex+4}
  1180 | D        | Entered arena 14.
  1181 | D        | Noticed a yaktaur captain
  1181 | D        | Noticed a vault guard
  1181 | D        | Noticed a vault guard
  1181 | D        | Noticed a stone giant
  1181 | D        | Noticed a stone giant
  1181 | D        | Noticed a stone giant
  1181 | D        | Noticed a vault guard
  1181 | D        | Noticed a vault guard
  1181 | D        | Noticed a stone giant
  1182 | D        | Noticed a vault guard
  1182 | D        | Identified the +8 war axe "Ruklid" {vorpal, rF+ Str+4
                  | Int+2}
  1182 | D        | Noticed a vault guard
  1183 | D        | Found a transporter.
  1187 | D        | Killed a yaktaur captain
  1187 | D        | Reached skill level 13 in Armour
  1187 | D        | Reached skill level 15 in Shields
  1187 | D        | Killed a vault guard
  1190 | D        | Killed a vault guard
  1190 | D        | Reached skill level 10 in Conjurations
  1190 | D        | Reached skill level 10 in Hexes
  1190 | D        | Reached skill level 10 in Charms
  1190 | D        | Reached skill level 10 in Summonings
  1190 | D        | Reached skill level 10 in Necromancy
  1190 | D        | Reached skill level 10 in Translocations
  1190 | D        | Reached skill level 10 in Transmutations
  1190 | D        | Reached skill level 10 in Fire Magic
  1190 | D        | Reached skill level 10 in Ice Magic
  1190 | D        | Reached skill level 10 in Air Magic
  1190 | D        | Reached skill level 10 in Earth Magic
  1190 | D        | Reached skill level 10 in Poison Magic
  1191 | D        | Killed a vault guard
  1192 | D        | Killed a vault guard
  1192 | D        | Killed a stone giant
  1192 | D        | Killed a vault guard
  1192 | D        | Killed a vault guard
  1192 | D        | Reached XP level 13. HP: 48/111 MP: 27/29
  1193 | D        | Killed a stone giant
  1195 | D        | Killed a stone giant
  1197 | D        | Killed a stone giant
  1197 | D        | Received a gift from Okawaru
  1226 | D        | Got the ring "Gilihu" {rElec rN+ MR+}
  1421 | D        | Entered arena 15.
  1422 | D        | Noticed a spark wasp
  1424 | D        | Found the +3 giant club "Skullcrusher" {speed, Str+7}
  1425 | D        | Killed a spark wasp
  1425 | D        | Reached skill level 14 in Armour
  1428 | D        | Found a transporter.
  1575 | D        | Entered arena 16.
  1576 | D        | Noticed a green draconian
  1576 | D        | Noticed a yellow draconian
  1576 | D        | Noticed a purple draconian
  1576 | D        | Noticed a white draconian
  1576 | D        | Noticed a red draconian
  1576 | D        | Noticed a purple draconian
  1576 | D        | Noticed a red draconian shifter
  1576 | D        | Noticed a red draconian
  1576 | D        | Noticed a white draconian shifter
  1576 | D        | Noticed a black draconian
  1577 | D        | Noticed a black draconian
  1578 | D        | Noticed a yellow draconian
  1578 | D        | Noticed a purple draconian
  1579 | D        | Noticed a purple draconian stormcaller
  1580 | D        | Found the -2 hat of the Alchemist {rElec rPois rF+ rC+ rN+
                  | MR+ rMut rCorr}
  1580 | D        | Found a transporter.
  1584 | D        | Killed a green draconian
  1584 | D        | Killed a purple draconian
  1584 | D        | Received a gift from Okawaru
  1589 | D        | Killed a purple draconian stormcaller
  1589 | D        | Killed a purple draconian
  1589 | D        | Killed a white draconian
  1589 | D        | Killed a red draconian shifter
  1591 | D        | Killed a white draconian shifter
  1591 | D        | Killed a red draconian
  1591 | D        | Killed a yellow draconian
  1591 | D        | Reached XP level 14. HP: 64/121 MP: 23/31
  1592 | D        | Killed a yellow draconian
  1594 | D        | Killed a black draconian
  1595 | D        | Killed a red draconian
  1595 | D        | Killed a black draconian
  1595 | D        | Received a gift from Okawaru
  1595 | D        | Reached skill level 15 in Fighting
  1595 | D        | Reached skill level 15 in Armour
  1597 | D        | Killed a purple draconian
  1597 | D        | Reached skill level 15 in Invocations
  1612 | D        | Got a buzzing helmet {god gift}
  1618 | D        | Identified the +2 helmet "Hex Taun" {Int+3} (Okawaru gifted
                  | it to you in the Dungeon)
  1789 | D        | Entered arena 17.
  1792 | D        | Noticed an azure jelly
  1793 | D        | Noticed an azure jelly
  1793 | D        | Noticed an acid blob
  1795 | D        | Found a transporter.
  1801 | D        | Killed an azure jelly
  1804 | D        | Killed an azure jelly
  1806 | D        | Killed an acid blob
  1806 | D        | Reached skill level 15 in Long Blades
  1806 | D        | Reached skill level 16 in Armour
  1815 | D        | Got the Catalogue of the Blowfly
  1820 | D        | Acquired 570 gold pieces
  1842 | D        | Entered arena 18.
  1842 | D        | Noticed a vampire knight
  1843 | D        | Identified the +5 fustibalus "Daatsepho" {venom, Str+6}
  1849 | D        | Killed a vampire knight
  1850 | D        | Identified the cursed +0 long sword "Giant's Death Toll"
                  | {vorpal, rElec Str+3 Dex-2}
  1850 | D        | Noticed a ghoul
  1852 | D        | Noticed a ghoul
  1854 | D        | Found the +5 demon whip "Spellbinder" {antimagic, MR+}
  1855 | D        | Received a gift from Okawaru
  1856 | D        | Found a transporter.
  1864 | D        | Killed a ghoul
  1867 | D        | Killed a ghoul
  1885 | D        | Got the amulet of Feophyko {Inacc rC+ Str+3}
  1888 | D        | Got Sif Muna's Papyrus of Changing and Self-Improvement
  1914 | D        | Learned a level 6 spell: Iron Shot
  1920 | D        | Learned a level 5 spell: Yara's Violent Unravelling
  1930 | D        | Learned a level 9 spell: Shatter
  1939 | D        | Learned a level 8 spell: Ignition
  1945 | D        | Learned a level 5 spell: Lee's Rapid Deconstruction
  1945 | D        | Entered arena 19.
  1952 | D        | Reached skill level 15 in Short Blades
  1952 | D        | Reached skill level 15 in Axes
  1952 | D        | Reached skill level 15 in Maces & Flails
  1952 | D        | Reached skill level 15 in Polearms
  1952 | D        | Reached skill level 15 in Staves
  1952 | D        | Reached skill level 15 in Slings
  1952 | D        | Reached skill level 15 in Bows
  1952 | D        | Reached skill level 15 in Crossbows
  1952 | D        | Reached skill level 15 in Throwing
  1952 | D        | Reached skill level 15 in Dodging
  1952 | D        | Reached skill level 15 in Stealth
  1952 | D        | Reached skill level 15 in Unarmed Combat
  1952 | D        | Reached skill level 15 in Spellcasting
  1952 | D        | Reached skill level 15 in Evocations
  1957 | D        | Reached skill level 17 in Armour
  1957 | D        | Reached XP level 15. HP: 131/131 MP: 34/34
  1957 | D        | Received a gift from Okawaru
  1965 | D        | Received a gift from Okawaru
  1968 | D        | Found a transporter.
  2075 | D        | Entered arena 20.
  2090 | D        | Received a gift from Okawaru
  2097 | D        | Reached skill level 18 in Armour
  2099 | D        | Found a transporter.
  2146 | D        | Entered arena 21.
  2157 | D        | Noticed a lich
  2158 | D        | Identified the amulet "Kabbo" {Reflect rElec Str+4 Int+2
                  | SH+5}
  2159 | D        | Noticed a ghoul
  2160 | D        | Identified the ring of Kuliw {Fire rN++ MR+}
  2164 | D        | Killed a lich
  2168 | D        | Received a gift from Okawaru
  2175 | D        | Killed a ghoul
  2209 | D        | Found a transporter.
  2258 | D        | Entered arena 22.
  2265 | D        | Found the cursed necklace of Bloodlust {*Rage +Rage MR++
                  | Int-3 Slay+6 *Curse}
  2265 | D        | Noticed a deep elf master archer
  2265 | D        | Noticed a deep elf master archer
  2265 | D        | Identified the +1 robe "Caasayfa" {rN+}
  2266 | D        | Identified the +8 flail of Ryunee {speed, Dex+3}
  2266 | D        | Noticed a deep elf master archer
  2266 | D        | Identified the +10 plate armour of the Turtledove {+Inv
                  | rN+}
  2267 | D        | Found a transporter.
  2273 | D        | Killed a deep elf master archer
  2273 | D        | Reached skill level 19 in Armour
  2278 | D        | Received a gift from Okawaru
  2278 | D        | Reached XP level 16. HP: 58/141 MP: 31/36
  2278 | D        | Killed a deep elf master archer
  2281 | D        | Reached skill level 20 in Armour
  2281 | D        | Received a gift from Okawaru
  2281 | D        | Killed a deep elf master archer
  2297 | D        | Got the ring of Uges Ukh {+Inv +Fly rPois Int+4 Dex-3}
  2605 | D        | Entered arena 23.
  2613 | D        | Noticed a tentacled starspawn
  2614 | D        | Noticed a bone dragon
  2614 | D        | Noticed a tentacled starspawn
  2615 | D        | Noticed a bone dragon
  2616 | D        | Found the +12 Vampire's Tooth {vamp}
  2616 | D        | Found a transporter.
  2621 | D        | Reached skill level 15 in Conjurations
  2621 | D        | Reached skill level 15 in Hexes
  2621 | D        | Reached skill level 15 in Charms
  2621 | D        | Reached skill level 15 in Summonings
  2621 | D        | Reached skill level 15 in Necromancy
  2621 | D        | Reached skill level 15 in Translocations
  2621 | D        | Reached skill level 15 in Transmutations
  2621 | D        | Reached skill level 15 in Fire Magic
  2621 | D        | Reached skill level 15 in Ice Magic
  2621 | D        | Reached skill level 15 in Air Magic
  2621 | D        | Reached skill level 15 in Earth Magic
  2621 | D        | Reached skill level 15 in Poison Magic
  2621 | D        | Killed a tentacled starspawn
  2623 | D        | Reached skill level 21 in Armour
  2624 | D        | Killed a tentacled starspawn
  2630 | D        | Killed a bone dragon
  2631 | D        | Killed a bone dragon
  2631 | D        | Received a gift from Okawaru
  2655 | D        | Got the ring "Zinwoaxt" {rF+ EV+4 Str+4}
  2666 | D        | Got Otaiq's Reference Book on the Freezing Escort
  2675 | D        | Got the Volume of Noxious Stolen Souls
  2767 | D        | Entered arena 24.
  2774 | D        | Noticed a shard shrike
  2774 | D        | Noticed a shard shrike
  2774 | D        | Noticed a shard shrike
  2774 | D        | a glowing shapeshifter changed into a shard shrike
  2774 | D        | Gained mutation: You do not regenerate when monsters are
                  | visible. [a shining eye]
  2775 | D        | Noticed a juggernaut
  2775 | D        | a shard shrike changed into a juggernaut
  2776 | D        | Found the +10 zealot's sword {holy, *Rage rN+ EV+3}
  2776 | D        | Noticed a shard shrike
  2776 | D        | Noticed a shard shrike
  2776 | D        | Noticed a sphinx
  2776 | D        | a glowing shapeshifter changed into a sphinx
  2776 | D        | Noticed a golden dragon
  2776 | D        | a shard shrike changed into a golden dragon
  2776 | D        | Noticed a shard shrike
  2776 | D        | a glowing shapeshifter changed into a shard shrike
  2776 | D        | Noticed a juggernaut
  2776 | D        | a shard shrike changed into a juggernaut
  2777 | D        | Found a transporter.
  2777 | D        | Noticed a titan
  2777 | D        | a glowing shapeshifter changed into a titan
  2777 | D        | a shard shrike changed into an iron dragon
  2777 | D        | Noticed a shadow dragon
  2777 | D        | an iron dragon changed into a shadow dragon
  2777 | D        | Noticed a quicksilver dragon
  2777 | D        | a sphinx changed into a quicksilver dragon
  2777 | D        | a golden dragon changed into an iron dragon
  2777 | D        | Noticed a titan
  2777 | D        | a juggernaut changed into a titan
  2777 | D        | Noticed a shard shrike
  2777 | D        | a titan changed into a shard shrike
  2777 | D        | Noticed a juggernaut
  2777 | D        | a shard shrike changed into a juggernaut
  2779 | D        | Noticed a juggernaut
  2779 | D        | a titan changed into a juggernaut
  2779 | D        | Noticed a sphinx
  2779 | D        | an iron dragon changed into a sphinx
  2779 | D        | Noticed a titan
  2779 | D        | a glowing shapeshifter changed into a titan
  2779 | D        | Noticed a titan
  2779 | D        | a juggernaut changed into a titan
  2781 | D        | Noticed a shard shrike
  2781 | D        | a titan changed into a shard shrike
  2781 | D        | Noticed a juggernaut
  2781 | D        | a shard shrike changed into a juggernaut
  2782 | D        | Noticed a juggernaut
  2782 | D        | a shard shrike changed into a juggernaut
  2782 | D        | Noticed a quicksilver dragon
  2782 | D        | a purple draconian changed into a quicksilver dragon
  2782 | D        | Noticed a juggernaut
  2782 | D        | a titan changed into a juggernaut
  2784 | D        | Received a gift from Okawaru
  2785 | D        | Noticed a titan
  2785 | D        | a juggernaut changed into a titan
  2785 | D        | a shadow dragon changed into an iron troll
  2785 | D        | Noticed an acid blob
  2785 | D        | a juggernaut changed into an acid blob
  2786 | D        | Killed a sphinx
  2786 | D        | Reached skill level 22 in Armour
  2786 | D        | Reached XP level 17. HP: 150/153 MP: 19/39
  2787 | D        | Killed a quicksilver dragon
  2787 | D        | Killed a quicksilver dragon
  2787 | D        | Killed an acid blob
  2787 | D        | Killed a shard shrike
  2789 | D        | Killed a juggernaut
  2790 | D        | Noticed a titan
  2790 | D        | a juggernaut changed into a titan
  2793 | D        | Reached skill level 23 in Armour
  2796 | D        | Killed a juggernaut
  2796 | D        | Received a gift from Okawaru
  2797 | D        | Killed a titan
  2797 | D        | Noticed a shard shrike
  2797 | D        | a titan changed into a shard shrike
  2801 | D        | Killed a shard shrike
  2891 | D        | Got the Guide on Shifting Curses
  2919 | D        | Entered arena 25.
  2930 | D        | Noticed an Ice Fiend
  2932 | D        | Found a transporter.
  2948 | D        | Reached skill level 24 in Armour
  2950 | D        | Killed an Ice Fiend
  3022 | D        | Entered arena 26.
  3035 | D        | Identified the amulet of Riduj {*Slow Regen+ Str+2 Dex+6
                  | SInv}
  3036 | D        | Found the +4 skin of Zhor {Englaciate rC+++ SInv}
  3036 | D        | Found a transporter.
  3051 | D        | Reached XP level 18. HP: 147/164 MP: 38/42
  3052 | D        | Received a gift from Okawaru
  3052 | D        | Received a gift from Okawaru
  3053 | D        | Reached skill level 25 in Armour
  3053 | D        | Received a gift from Okawaru
  3053 | D        | Reached skill level 26 in Armour
  3053 | D        | Received a gift from Okawaru
  3053 | D        | Received a gift from Okawaru
  3057 | D        | Received a gift from Okawaru
  3129 | D        | Entered arena 27.
  3140 | D        | Noticed a greater mummy
  3141 | D        | Noticed a greater mummy
  3141 | D        | Noticed a greater mummy
  3144 | D        | Noticed a greater mummy
  3144 | D        | Noticed a greater mummy
  3147 | D        | Received a gift from Okawaru
  3147 | D        | Reached XP level 19. HP: 68/174 MP: 24/44
  3147 | D        | Reached skill level 27 in Armour
  3147 | D        | HP: 7/174 [poison (dark miasma)]
  3148 | D        | Engulfed by a cloud of foul pestilence

Illustrated notes

Levels and vault maps discovered:
D:        sprint_v [room_start, room_1, room_2, room_3, room_4, room_5, room_6,
          room_7, room_8, room_9, room_10, room_11, room_12, room_13, room_14,
          room_15, room_16, room_17, room_18, room_19, room_20, room_21,
          room_22, room_23, room_24, room_25, room_26, room_27]

Skill      XL: |  1  2  3  4  5  6  7  8  9 10 11 12 13 14 15 16 17 18 19 |
---------------+----------------------------------------------------------+-----
Fighting       | 7 8 9 10 11 12 13 14 16 17 19 20 22 | 22.4
Short Blades   | 2 3 5 6 7 8 9 10 12 13 15 17 20 22 25 | 25.7
Long Blades    | 5 6 7 8 9 10 11 12 14 16 18 21 24 26 | 26.3
Axes           | 2 3 5 6 7 8 9 10 12 13 15 16 18 20 21 | 21.8
Maces & Flails | 2 3 5 6 7 8 9 10 12 13 15 16 18 20 21 | 21.8
Polearms       | 2 3 5 6 7 8 9 10 12 13 15 16 18 20 21 | 21.8
Staves         | 2 3 5 6 7 8 9 10 12 13 15 16 18 20 21 | 21.8
Slings         | 2 3 5 6 7 8 9 10 12 13 15 16 18 20 21 | 21.8
Bows           | 2 3 5 6 7 8 9 10 12 13 15 16 18 20 21 | 21.8
Crossbows      | 2 3 5 6 7 8 9 10 12 13 15 16 18 20 21 | 21.8
Throwing       | 2 3 5 6 7 8 9 10 12 13 15 16 18 20 21 | 21.8
Armour         | 7 8 9 10 11 12 13 14 17 19 22 24 26 27 | 27.0
Dodging        | 2 3 5 6 7 8 9 10 12 13 15 16 18 20 21 | 21.8
Stealth        | 2 3 5 6 7 8 9 10 12 13 15 17 20 22 25 | 25.7
Shields        | 7 8 9 10 12 14 15 17 19 21 23 24 26 | 26.1
Unarmed Combat | 2 3 5 6 7 8 9 10 12 13 15 16 18 20 21 | 21.8
Spellcasting   | 2 3 5 6 7 8 9 10 12 13 15 16 18 20 21 | 21.8
Conjurations   | 1 3 4 5 6 8 9 10 11 12 14 15 17 18 | 18.9
Hexes          | 1 3 4 5 6 8 9 10 11 12 14 15 17 18 | 18.9
Charms         | 1 3 4 5 6 8 9 10 11 12 14 15 17 18 | 18.9
Summonings     | 1 3 4 5 6 8 9 10 11 12 14 15 17 18 | 18.9
Necromancy     | 1 3 4 5 6 8 9 10 11 12 14 15 17 18 | 18.9
Translocations | 1 3 4 5 6 8 9 10 11 12 14 15 17 18 | 18.9
Transmutations | 1 3 4 5 6 8 9 10 11 12 14 15 17 18 | 18.9
Fire Magic     | 1 3 4 5 6 8 9 10 11 12 14 15 17 18 | 18.9
Ice Magic      | 1 3 4 5 6 8 9 10 11 12 14 15 17 18 | 18.9
Air Magic      | 1 3 4 5 6 8 9 10 11 12 14 15 17 18 | 18.9
Earth Magic    | 1 3 4 5 6 8 9 10 11 12 14 15 17 18 | 18.9
Poison Magic   | 1 3 4 5 6 8 9 10 11 12 14 15 17 18 | 18.9
Invocations    | 2 4 6 7 8 9 10 11 13 14 16 17 19 21 23 | 23.3
Evocations     | 2 3 5 6 7 8 9 10 12 13 15 16 18 20 21 | 21.8

Action                   |  1- 3 |  4- 6 |  7- 9 | 10-12 | 13-15 | 16-18 | 19-21 || total
-------------------------+-------+-------+-------+-------+-------+-------+-------++-------
Melee: Double sword      |     2 |     4 |    48 |    61 |   118 |    81 |       ||   314
       Bite              |     1 |     1 |    10 |     8 |    21 |    18 |       ||    59
       Demon blade       |       |       |       |     2 |       |       |       ||     2
 Cast: Ignition          |       |       |       |       |       |     1 |     1 ||     2
Invok: Heroism           |       |       |     1 |       |     4 |     4 |       ||     9
       Finesse           |       |       |       |       |     3 |     5 |       ||     8
Evoke: Wand              |       |       |       |     7 |     3 |       |       ||    10
       Box of beasts     |       |       |       |     2 |       |       |       ||     2
       Lightning rod     |       |       |       |     2 |       |       |       ||     2
  Use: Potion            |     1 |       |       |     4 |     1 |       |     1 ||     7
       Scroll            |       |       |       |     1 |     3 |     4 |       ||     8
  Eat: Chunk             |       |       |       |     1 |       |     2 |       ||     3
       Ration            |       |       |       |       |     1 |     1 |       ||     2
Armor: Plate armour      |       |       |    29 |    67 |    44 |     1 |       ||   141
       Shadow dragon sca |       |       |       |       |       |    13 |       ||    13
Dodge: Dodged            |       |       |    11 |    39 |    50 |    17 |       ||   117
Block: Kite shield       |     2 |     4 |    95 |   187 |   202 |   104 |     1 ||   595
       Reflection        |       |       |       |       |    21 |     8 |       ||    29
       Rpst.: Double sword |       |       |     1 |     8 |     7 |     2 |       ||    18
